Map: Lerilak Crest

Players

Frozen

  • Race: Zerg Zerg
  • League: Platinum

MorN - Winner!

  • Race: Terran Terran
  • League: Diamond

VOD

Have the link to the VOD?

Description

Time

  • Played on: Nov. 12, 2015, 9:58 p.m.
  • Length: 6:18
Show
View Real Time Build Order
Export as new Build Order

Frozen Zerg 

Build Orders: Hatch First 

Get SALT Encoding   

  12  0:02  Drone  
  13  0:14  Overlord  
  13  0:19  Drone  
  14  0:32  Drone x2  
  16  0:37  Drone  
  17  0:55  Hatchery  
  16  0:57  Drone  
  16  1:00  Drone  
  18  1:09  Extractor  
  17  1:17  Spawning Pool  
  16  1:19  Drone  
  16  1:23  Drone  
  18  1:30  Drone  
  19  1:42  Overlord  
  19  2:03  Queen  
  19  2:06  Queen  
  23  2:22  Drone x5  
  26  2:57  Roach Warren  
  26  2:58  Drone x2  
  26  3:02  Drone x2, Extractor  
  26  3:03  Drone, Extractor  
  28  3:08  Drone  
  28  3:10  Drone  
  30  3:14  Drone  
  31  3:22  Overlord  
  31  3:25  Overlord  
  31  3:28  Overlord  
  31  3:34  Drone x3  
  34  3:48  Roach  
  36  3:49  Roach x3  
  36  3:55  Roach  
  44  3:56  Roach x3  
  44  4:00  Roach  
  52  4:04  Roach  
  54  4:15  Drone x4  
  58  4:18  Drone  
  59  4:24  Overlord x2  
  59  4:29  Spore Crawler  
  52  4:53  Roach  
  52  4:54  Roach x4  
  50  5:07  Roach  
  50  5:08  Roach x5  
  47  5:37  Roach  
  47  5:38  Roach x3  
  53  5:49  Drone  
  46  5:50  Drone  
  46  5:51  Drone  
Show
View Real Time Build Order
Export as new Build Order

MorN Terran - Winner!

Build Orders: Reaper Expand 

Get SALT Encoding   

  12  0:03  SCV  
  13  0:15  SCV  
  13  0:19  Supply Depot  
  14  0:28  SCV  
  15  0:40  SCV  
  15  0:41  Barracks  
  16  0:47  Refinery  
  16  0:52  SCV  
  17  1:06  SCV  
  18  1:28  Orbital Command  
  18  1:30  Reaper  
  19  1:38  Command Center  
  19  1:55  SCV  
  20  2:08  Barracks Reactor, SCV  
  21  2:14  Supply Depot  
  21  2:20  SCV  
  22  2:28  Factory  
  22  2:32  SCV  
  23  2:48  Marine x2  
  23  2:49  SCV  
  26  2:52  Orbital Command  
  26  3:04  SCV  
  27  3:06  Marine x2  
  29  3:15  Starport  
  29  3:22  SCV, Barracks  
  29  3:23  Refinery, Barracks  
  30  3:30  Hellion  
  30  3:31  Hellion  
  30  3:33  SCV  
  30  3:34  SCV  
  36  3:45  SCV  
  36  3:46  SCV  
  38  3:51  Supply Depot  
  38  3:53  Barracks Tech Lab, Medivac  
  40  3:57  Widow Mine  
  40  3:59  Widow Mine  
  40  4:00  SCV  
  40  4:01  SCV  
  46  4:13  SCV x2  
  46  4:14  Supply Depot  
  48  4:24  Bunker  
  48  4:26  Marine x2  
  48  4:28  Marauder  
  51  4:43  SCV  
  51  4:44  Marine  
  51  4:46  Widow Mine x2  
  51  4:49  Marauder  
  58  4:52  SCV  
  55  5:02  SCV  
  55  5:04  Orbital Command  
  55  5:05  Marine x2  
  57  5:11  Marauder  
  57  5:16  Hellion x2  
  59  5:23  Marine  
  59  5:27  SCV  
  58  5:32  Marauder  
  59  5:39  SCV  
  54  5:54  Barracks Reactor x2, Marauder  
  55  6:04  Factory Reactor  
  55  6:10  Supply Depot  
Tags
 
Add a new tag
Caveats
  • Supply blocks, unpowered buildings, or Contaminate may cause inaccurate times.
  • Supply counts are checked every 10 seconds.